 Dungeon Crawl Stone Soup version 0.28-a0-595-g9f6c0e134a (webtiles) character file.

Game seed: 7601126875408928979

23 lawman0 the Insei (level 3, -1/27 HPs)
             Began as a Djinni Transmuter on Oct 4, 2021.
             Shot with a stone by a goblin (3 damage)
             ... on level 2 of the Dungeon.
             The game lasted 00:01:17 (1417 turns).

lawman0 the Insei (Djinni Transmuter)               Turns: 1417, Time: 00:01:17

Health: -1/27      AC:  2    Str:  9    XL:     3   Next: 10%
Gold:   92         EV: 12    Int: 15    God:
                   SH:  0    Dex: 13

rFire   + + .      SeeInvis .     - Unarmed
rCold   x . .      Faith    .   (no shield)
rNeg    . . .      Spirit   .   a - +0 robe
rPois   ∞          Reflect  .   (no helmet)
rElec   .          Harm     .   (no cloak)
rCorr   .          Rampage  .   (no gloves)
Will    .....                   (boots unavailable)
Stlth   +.........              (no amulet)
HPRegen 0.09/turn               (no ring)
MPRegen 0.00/turn               (no ring)

@: wereblooded, flying
A: sickness immunity, fire resistance 2, cold vulnerability 1, float, innate
caster, hp casting, extra vitality 1
a: no special abilities


You were on level 2 of the Dungeon.
You visited 1 branch of the dungeon, and saw 2 of its levels.

You collected 92 gold pieces.

Inventory:

Missiles
 e - 15 poisoned darts
Armour
 a - a +0 robe (worn)
Scrolls
 c - a scroll of brand weapon {unknown}
Potions
 b - a potion of might {unknown}
 d - 3 potions of curing {unknown}
 f - a potion of berserk rage {unknown}
 g - a potion of attraction {unknown}


   Skills:
 + Level 1.2 Fighting
 + Level 2.3 Dodging
 * Level 3.4 Unarmed Combat
 * Level 2.0 Spellcasting


You couldn't memorise any spells.
You knew the following spells:

 Your Spells              Type           Power      Damage    Failure   Level
a - Beastly Appendage     Tmut           14%        N/A       10%         1
b - Wereblood             Tmut           7%         N/A       14%         2
c - Spider Form           Tmut/Pois      3%         N/A       28%         3
d - Ice Form              Ice/Tmut       7%         N/A       67%         4
e - Summon Small Mammal   Summ           28%        N/A       10%         1
Your spell library was empty.

Dungeon Overview and Level Annotations

Branches:
Dungeon (2/15)

Altars:


Innate Abilities, Weirdness & Mutations

You are immune to sickness and miasma.
You are immune to poison.
Your flesh is very heat resistant. (rF++)
You are vulnerable to cold. (rC-)
You float through the air rather than walking.
You learn spells naturally, not from books.
Your magical power is your life essence.
You have superior vitality. (+4 HP)


Message History

2 goblins come into view.
The goblin shouts!
Found 9 stones.
You hit the bat.
You feel a bit better.
You kill the bat!
The goblin unwields a +0 club.
The goblin wields a +0 hunting sling.
The goblin shoots a stone.
The stone hits you.
Your horns disappear.
Your primal bloodlust is almost over.
The goblin shoots a stone.
The stone closely misses you.
The stone misses the goblin.
The goblin hits you with a +0 dagger.
You are too injured to fight recklessly!
You are too injured to fight recklessly!
You are too injured to fight recklessly!
You hit the goblin.
The goblin is moderately wounded.
You hear a shout!
The goblin misses you.
The goblin shoots a stone.
The stone hits you.
* * * LOW HITPOINT WARNING * * *
The goblin hits you but does no damage.
A kobold comes into view. It is wielding a +0 short sword.
Casting: Beastly Appendage (safe; 10% risk of failure)
Confirm with . or Enter, or press ? or * to list all spells.
Your blood is freshly infused with primal strength!
* * * LOW HITPOINT WARNING * * *
The goblin closely misses you.
The goblin shoots a stone.
The stone hits you.
* * * LOW HITPOINT WARNING * * *
The goblin hits you with a +0 dagger.
* * * LOW HITPOINT WARNING * * *
You hit the goblin.
You feel a bit better.
You kill the goblin!
The goblin shoots a stone.
The stone closely misses you. The goblin completely misses you.
Unknown command.
You barely miss the goblin.
The goblin shoots a stone.
The stone hits you.
* * * LOW HITPOINT WARNING * * *
The goblin closely misses you.
You hit the goblin.
The goblin is moderately wounded.
The goblin shoots a stone.
The stone hits you.
You die...

...( ##.## ...^.
###.#### .....
#...†..#
.....###......#
.........#.##.##
.....<..........
.........####.###
........g.....#
.......@).....#
........##.####
....$...# .#
...g....# .#
...K..... .
....####. . ..##
. .# ..


You could see 2 goblins and a kobold.

Vanquished Creatures
  A dart slug (D:1)
  4 bats
  A giant cockroach (D:1)
  2 goblins
  3 hobgoblins (D:1)
  2 ball pythons
  A frilled lizard (D:1)
  6 rats
20 creatures vanquished.

Notes
Turn   | Place    | Note
-------+----------+-------------------------------------------
     0 | D:1      | lawman0 the Djinni Transmuter began the quest for the Orb.
     0 | D:1      | Reached XP level 1. HP: 17/17 MP: 0/0
   347 | D:1      | Reached XP level 2. HP: 19/22 MP: 0/0
   391 | D:1      | Noticed a great orb of eyes
   394 | D:1      | Found a faded altar of an unknown god.
   405 | D:1      | Noticed a shining eye
   405 | D:1      | Noticed a floating eye
   405 | D:1      | Noticed a golden eye
  1406 | D:2      | Reached XP level 3. HP: 15/27 MP: 0/0
  1406 | D:2      | Learned a level 1 spell: Summon Small Mammal
  1417 | D:2      | Shot with a stone by a goblin

Illustrated notes

Levels and vault maps discovered:
D:1:      dpeg_arrival_boxorama, layout_loops_cross,
          hellmonk_ecumenical_altar_watching_god
D:2:      layout_loops_cross, guppyfry_early_lair_pool, uniq_jessica

Skill      XL: |  1  2 |
---------------+-------+-----
Spellcasting   | 2 |  2.0
Fighting       | |  1.2
Dodging        | |  2.3
Unarmed Combat | |  3.4

Action                   || total
-------------------------++-------
Melee: Unarmed           ||    76
       Headbutt          ||     6
       Punch             ||     1
 Cast: Beastly Appendage ||    12
       Wereblood         ||     5
 Stab: Sleeping          ||     1
Armor: Robe              ||    15
Dodge: Dodged            ||    51

Table legend: (Time is in decaauts)
 A = Elapsed time spent in this place.
 B = Non-inter-level travel time spent in this place.
 C = Inter-level travel time spent in this place.
 D = Time resting spent in this place.
 E = Time spent auto-exploring this place.
 F = Levels seen in this place.
 G = Mean time per level.
                   A        B        C        D        E       F      G
               +--------+--------+--------+--------+--------+-----+--------+
         Total |   1412 |   1387 |     25 |    260 |    941 |   2 |  706.0 |
       Dungeon |   1412 |   1387 |     25 |    260 |    941 |   2 |  706.0 |
               +--------+--------+--------+--------+--------+-----+--------+

Top non-repeatable levels by time:
     D:1: 1253 daAuts
     D:2: 159 daAuts
